 Dungeon Crawl Stone Soup version 0.26-a0-180-ge96aa7da28 (webtiles) character file.

Game seed: 11686900312502886540

45376 MalarOregon the Thaumaturge (level 14, -1/118 HPs)
             Began as a Purple Draconian Conjurer on July 4, 2020.
             Was a High Priest of Makhleb.
             Slain by a cane toad (11 damage)
             ... on level 5 of the Lair of Beasts.
             The game lasted 01:06:29 (23356 turns).

MalarOregon the Thaumaturge (DrCj)                 Turns: 23356, Time: 01:06:29

Health: -1/118     AC: 13    Str: 11    XL:     14   Next: 0%
Magic:  23/39      EV: 18    Int: 20    God:    Makhleb [*****.]
Gold:   97         SH:  0    Dex: 18    Spells: 23/38 levels left

rFire    . . .     SeeInvis .   f - +1 dagger (protect)
rCold    . . .     Faith    .   (no shield)
rNeg     + . .     Spirit   .   (armour unavailable)
rPois    .         Reflect  .   K - +2 hat
rElec    .         Harm     .   P - +1 cloak
rCorr    .                      (no gloves)
MR       ++...                  m - +0 pair of boots
Stlth    ++........             L - amulet of regeneration
HPRegen  0.69/turn              a - ring of Mili {*Corrode rN+ MP+9 Dex+6}
MPRegen  0.26/turn              G - ring of wizardry

@: very slightly contaminated
A: breathe power, unfitting armour, cold-blooded, AC +8
a: Breathe Dispelling Energy, Minor Destruction, Lesser Servant of Makhleb,
Major Destruction, Greater Servant of Makhleb, Renounce Religion


You were on level 5 of the Lair of Beasts.
You worshipped Makhleb.
Makhleb was extremely pleased with you.
You were hungry.

You visited 3 branches of the dungeon, and saw 18 of its levels.

You collected 1547 gold pieces.
You spent 1450 gold pieces at shops.

Inventory:

Hand Weapons
 f - a +1 dagger of protection (weapon)
   (You took it off a goblin on level 1 of the Dungeon)
 R - the +2 falchion of Esticaz {vorpal, rElec rPois Dex-4 SInv}
   (You bought it in a shop on level 8 of the Dungeon)

   It inflicts extra damage upon your enemies.
   It affects your dexterity (-4).
   It insulates you from electricity.
   It protects you from poison.
   It lets you see invisible.
Missiles
 p - 3 silver javelins
 q - 5 curare-tipped darts (quivered) {!f}
 A - 3 throwing nets {!f}
Armour
 m - a +0 pair of boots (worn)
   (You found it on level 4 of the Dungeon)
 K - a +2 hat (worn)
   (You found it on level 3 of the Lair of Beasts)
 P - a +1 cloak (worn)
   (You found it on level 4 of the Lair of Beasts)
Jewellery
 a - the ring of Mili (left hand) {*Corrode rN+ MP+9 Dex+6}
   (You acquired it on level 8 of the Dungeon)

   [ring of magical power]

   It affects your dexterity (+6).
   It protects you from negative energy.
   It affects your magic capacity (+9).
   It may corrode you when you take damage.
 n - a +6 ring of strength
   (You found it on level 2 of the Dungeon)
 G - a ring of wizardry (right hand)
   (You found it on level 7 of the Dungeon)
 L - an amulet of regeneration (around neck)
   (You found it on level 3 of the Lair of Beasts)
Wands
 d - a wand of iceblast (27)
   (You took it off Ijyb on level 3 of the Dungeon)
 t - a wand of flame (18)
   (You bought it in a shop on level 10 of the Dungeon)
 u - a wand of paralysis (7)
   (You took it off an orc on level 6 of the Dungeon)
 x - a wand of acid (13)
   (You found it on level 2 of the Lair of Beasts)
Scrolls
 c - a scroll of summoning {unknown}
 g - 3 scrolls of fog
 i - 5 scrolls of magic mapping
 j - 4 scrolls of fear
 k - 7 scrolls of remove curse {@r2}
 o - 4 scrolls of amnesia
 s - 2 scrolls of enchant weapon
 v - 5 scrolls of immolation {!r}
 y - a scroll of noise {unknown}
 F - 2 scrolls of random uselessness {unknown}
 M - a scroll of silence {unknown}
 Q - a scroll of teleportation {@r4}
Potions
 h - 7 potions of curing {@q1}
 l - 2 potions of lignification {!q}
 r - 2 potions of haste {@q3}
 w - 2 potions of invisibility
 z - 3 potions of heal wounds {@q2}
 B - 2 potions of magic
 C - 2 potions of mutation {!q}
 D - 2 potions of brilliance
 H - a potion of might
 N - 3 potions of ambrosia
Miscellaneous
 b - a tin of tremorstones (3/3)
   (You found it on level 3 of the Lair of Beasts)
 E - a phial of floods
   (You found it on level 1 of the Lair of Beasts)
 J - a lightning rod (4/4) {!a}
   (You found it on level 2 of the Lair of Beasts)
 O - a box of beasts
Comestibles
 e - 19 rations {!d}
 I - 2 chunks of flesh


   Skills:
 + Level 9.1 Fighting
 + Level 7.9 Dodging
 - Level 1.7 Stealth
 * Level 12.8 Spellcasting
 * Level 12.2 Conjurations
 + Level 9.5 Hexes
 + Level 0.6 Summonings
 + Level 6.8 Translocations
 + Level 7.5 Invocations
 + Level 5.9 Evocations


You had 23 spell levels left.
You knew the following spells:

 Your Spells              Type           Power        Failure   Level  Hunger
a - Summon Forest         Summ/Tloc      ####......   12%         5    ####...
b - Blink                 Tloc           N/A          1%          2    None
x - Iskenderun's Mystic   Conj/Tloc      ######..     1%          4    None
z - Fulminant Prism       Conj/Hex       ######....   1%          4    None

Your spell library contained the following spells:

 Spells                   Type           Power        Failure   Level  Hunger
 Magic Dart               Conj           ####         1%          1    None
 Searing Ray              Conj           ######       1%          2    None
 Slow                     Hex            ######..     1%          2    None
 Conjure Flame            Conj/Fire      #####...     1%          3    None
 Dazzling Flash           Conj/Hex       ######       1%          3    None
 Mephitic Cloud           Conj/Pois/Air  ####....     1%          3    None
 Stone Arrow              Conj/Erth      #####.       1%          3    None
 Call Imp                 Summ           ###.....     2%          2    None
 Corpse Rot               Necr/Air       N/A          3%          2    None
 Eringya's Noxious Bog    Tmut/Pois      ##........   95%         6    #####..
 Hydra Form               Tmut           ##........   95%         6    #####..
 Summon Hydra             Summ           ###.......   100%        7    #######


Dungeon Overview and Level Annotations

Branches:
Dungeon (11/15)            Temple (1/1) D:6            Lair (6/6) D:10
  Swamp (0/4) Lair:2        Snake (0/4) Lair:3          Orc (0/2) D:9
  Slime: Lair:5-6

Altars:
Ashenzari
Cheibriados
Dithmenos
Elyvilon
Fedhas
Gozag
Hepliaklqana
Kikubaaqudgha
Makhleb
Nemelex Xobeh
Okawaru
Qazlal
Ru
Sif Muna
Trog
Uskayaw
Vehumet
Wu Jian
Xom
Yredelemnul
Zin
The Shining One

Shops:
D:5 *   D:6 [:   D:8 *   D:9 [=:=   D:10 *

Annotations:
Lair:4 1 runed translucent door, Ahetudd's ghost, journeyman MiFi


Innate Abilities, Weirdness & Mutations

You can breathe bolts of dispelling energy.
Your rich purple scales are hard. (AC +8)
You cannot fit into any form of body armour.
You are cold-blooded and may be slowed by cold attacks.


Message History

Makhleb accepts your kill.
A tree reaches out and hits the fungus!
A tree reaches out and hits the plant! x2
The cane toad stings you. The cane toad completely misses you.
The tyrant leech bites you!
* * * LOW HITPOINT WARNING * * *
The tyrant leech draws strength from your injuries!
The blast of energy engulfs the cane toad!!
The blast of energy engulfs the tyrant leech!!
You conjure a prism of explosive energy!
A fulminant prism comes into view.
You feel sick.
A root smacks the fungus from below!
The fungus is destroyed!
The plant is hit by a branch! x2; The cane toad misses you. x2
The tyrant leech bites you!!
* * * LOW HITPOINT WARNING * * *
The tyrant leech draws strength from your injuries!
The cane toad misses you.
Okay, then.
Unknown command.
You enter the shallow water.
Moving in this stuff is going to be slow.
You feel sick.
A root smacks the plant from below!
The plant is hit by a branch!
A tree reaches out and hits the plant!
A root smacks the plant from below!
The plant is destroyed!
Your dryad hits the tyrant leech but does no damage.
The cane toad stings your dryad!
Your dryad looks as sick as possible!
The cane toad poisons your dryad! The cane toad stings you!!
* * * LOW HITPOINT WARNING * * *
Your fulminant prism crackles loudly.
The tyrant leech bites your dryad!
Your dryad hits the tyrant leech. The cane toad stings your dryad.
Your dryad looks as sick as possible!
The cane toad poisons your dryad!
You see here a cane toad skeleton.
You feel sick.
A tree reaches out and hits the plant!
The plant is destroyed!
The blast of energy engulfs the cane toad.
The blast of energy engulfs the tyrant leech!!
The tyrant leech bites your dryad!
Your dryad barely misses the cane toad.
You feel better.
The trees move their gnarly branches around.
A root smacks the cane toad from below!
The cane toad barely misses you.
Your dryad closely misses the cane toad.
The cane toad completely misses you. The tyrant leech bites your dryad!!
Your dryad dies!
Your dryad's corpse disappears in a puff of smoke!
The forest abruptly stops moving.
The cane toad stings you!
You die...

#.#### #####...####
##...#....#P### ##P..........P.♣
#..............### #######
#................###....P#
#.......................##
###........♣.............#
####........≈@♣..........##
####...........≈FF≈#..#...P.#
##P#.#........≈≈≈§>#........###
.............≈≈≈≈≈w....##..P..#
..............≈≈≈≈≈≈≈....♣PPP##
...............≈≈#≈≈≈......PP##
.........<..÷..≈≈≈#≈≈..###....##
...............≈≈≈≈≈≈...P....#.#
...............≈≈≈≈≈≈.........##


You could see a tyrant leech and 2 cane toads.

Vanquished Creatures
  Rupert (Lair:4)
  Harold (D:10)
  3 hydras
  2 catoblepae
  3 death yaks
  Urug (D:10)
  A manticore (D:9)
  5 oklob plants
  16 elephants
  3 black mambas
  12 cane toads
  Maggie (D:6)
  2 gargoyles (D:6)
  11 rime drakes
  A komodo dragon (Lair:4)
  2 trolls (D:10)
  A hornet (D:9)
  A tyrant leech (Lair:5)
  6 blink frogs
  7 dream sheep (Lair:4)
  3 bog bodies (Lair:2)
  6 hippogriffs
  20 yaks
  2 wyverns
  Eustachio (D:5)
  A wraith (D:10)
  4 basilisks
  A vampire mosquito (Lair:5)
  9 steam dragons (Lair:2)
  2 hungry ghosts (D:8)
  A soldier ant (D:9)
  6 nagas (Lair:3)
  2 acid dragons
  3 swamp worms (Lair:2)
  6 water moccasins
  7 porcupines
  2 orc warriors (D:8)
  A necrophage (D:10)
  A black bear (D:10)
  4 phantoms
  An eye of draining (D:8)
  An ice beast (D:5)
  6 ogres
  5 wolves
  2 centaurs
  12 crocodiles
  A big kobold (D:9)
  16 bullfrogs
  A water moccasin zombie (D:9)
  A wyvern skeleton (D:5)
  5 scorpions
  12 killer bees (D:9)
  4 howler monkeys (D:7)
  4 electric eels
  A bullfrog zombie (D:9)
  A centaur zombie (D:10)
  3 quasits (D:8)
  10 hounds
  A centaur skeleton (D:8)
  An orc priest (D:8)
  3 jellies
  7 orc wizards
  A bullfrog skeleton (D:10)
  4 iguanas
  Ijyb (D:3)
  6 worker ants
  A statue (D:5)
  A hound zombie (D:10)
  A howler monkey skeleton (D:4)
  9 adders
  4 white imps
  An ufetubus (D:5)
  An ooze (D:1)
  An adder zombie (D:6)
  5 worms
  A dart slug (D:1)
  8 leopard geckos
  25 orcs
  4 bats
  6 giant cockroaches
  8 goblins
  6 hobgoblins
  5 jackals
  12 kobolds
  3 quokkas
  4 frilled lizards
  A giant cockroach zombie (D:5)
  2 jackal skeletons
  A leopard gecko skeleton (D:9)
  A leopard gecko zombie (D:6)
  22 rats
  4 fungi
  6 plants
415 creatures vanquished.

Vanquished Creatures (collateral kills)
  An ice dragon (Lair:5)
  A hydra (Lair:5)
  A cane toad (Lair:5)
  A komodo dragon (Lair:5)
  A yak (Lair:5)
  A water moccasin (Lair:5)
  A porcupine (Lair:5)
  A bullfrog (Lair:5)
  A fungus (Lair:5)
  2 plants (Lair:5)
11 creatures vanquished.

Vanquished Creatures (others)
  A steam dragon (Lair:2)
  A sky beast (D:6)
  A frilled lizard (D:10)
  325 fulminant prisms
  9 fungi
  4 plants
341 creatures vanquished.

Grand Total: 767 creatures vanquished

Notes
Turn   | Place    | Note
-------+----------+-------------------------------------------
     0 | D:1      | MalarOregon the Draconian Conjurer began the quest for the
                  | Orb.
     0 | D:1      | Reached XP level 1. HP: 14/14 MP: 3/3
     2 | D:1      | Noticed a vine stalker
     2 | D:1      | Noticed a dwarf
     4 | D:1      | Noticed a vampire
     4 | D:1      | Noticed a troll
     6 | D:1      | Noticed a demonspawn
     6 | D:1      | Noticed an ogre
     8 | D:1      | Noticed a naga
    12 | D:1      | Noticed a ghoul
    12 | D:1      | Noticed a tengu
    14 | D:1      | Noticed a merfolk
    14 | D:1      | Noticed a demigod
    16 | D:1      | Noticed a halfling
    18 | D:1      | Noticed an octopode
    18 | D:1      | Noticed a minotaur
    20 | D:1      | Noticed a human
    20 | D:1      | Noticed a felid
    22 | D:1      | Noticed an elf
    22 | D:1      | Noticed a gargoyle
    24 | D:1      | Noticed a draconian
    24 | D:1      | Noticed a formicid
    26 | D:1      | Noticed a spriggan
    26 | D:1      | Noticed a centaur
   153 | D:1      | Reached XP level 2. HP: 8/22 MP: 0/5
   724 | D:1      | Reached skill level 1 in Fighting
  1190 | D:2      | Found a bloodstained altar of Trog.
  1249 | D:2      | Reached XP level 3. HP: 28/28 MP: 0/6
  2214 | D:3      | Noticed a hippogriff
  2379 | D:3      | Reached XP level 4. HP: 34/35 MP: 8/8
  2788 | D:3      | Killed a hippogriff
  2788 | D:3      | Reached skill level 5 in Conjurations
  2788 | D:3      | Reached XP level 5. HP: 16/42 MP: 8/10
  2788 | D:3      | Reached XP level 6. HP: 19/49 MP: 8/11
  3208 | D:3      | Found a blossoming altar of Fedhas.
  3231 | D:3      | Found an opulent altar of Gozag.
  3231 | D:3      | Found a shattered altar of Ashenzari.
  3233 | D:3      | Found a shadowy altar of Dithmenos.
  3234 | D:3      | Found a bloodstained altar of Trog.
  3602 | D:3      | Noticed Ijyb
  3655 | D:3      | Killed Ijyb
  3661 | D:3      | Learned a level 4 spell: Fulminant Prism
  4331 | D:4      | Reached skill level 1 in Hexes
  4454 | D:4      | Your scales start taking on a rich purple colour.
  4454 | D:4      | Reached skill level 5 in Spellcasting
  4454 | D:4      | Reached XP level 7. HP: 51/56 MP: 14/14
  4916 | D:5      | Entered Level 5 of the Dungeon
  4967 | D:5      | Found Jyvel's Mayhem Merchandise.
  5021 | D:5      | Bought a wand of iceblast (11) for 195 gold pieces
  5184 | D:5      | Found a glowing silver altar of Zin.
  5797 | D:5      | Found a radiant altar of Vehumet.
  6590 | D:6      | Noticed a hippogriff
  6618 | D:5      | Killed a hippogriff
  6618 | D:5      | Reached XP level 8. HP: 41/63 MP: 7/17
  6759 | D:6      | Noticed Eustachio
  7135 | D:5      | Killed Eustachio
  7244 | D:6      | Found Vauruduma's Antique Armour Boutique.
  7318 | D:6      | Noticed a gargoyle
  7339 | D:6      | Killed a gargoyle
  7588 | D:6      | Found Qaluif's Book Shoppe.
  7703 | D:6      | Noticed Maggie
  7803 | D:6      | Killed Maggie
  7803 | D:6      | Reached skill level 5 in Hexes
  7803 | D:6      | Reached XP level 9. HP: 46/72 MP: 5/19
  7829 | D:6      | Noticed a gargoyle
  8027 | D:6      | Killed a gargoyle
  8135 | D:6      | Found a staircase to the Ecumenical Temple.
  8146 | Temple   | Entered the Ecumenical Temple
  8361 | Temple   | Became a worshipper of Makhleb the Destroyer
  8466 | D:7      | Found a sacrificial altar of Ru.
  8906 | D:7      | Learned a level 4 spell: Iskenderun's Mystic Blast
  9271 | D:8      | Reached skill level 5 in Fighting
  9271 | D:8      | Reached skill level 1 in Invocations
  9407 | D:8      | Reached skill level 1 in Translocations
  9437 | D:8      | Reached * piety under Makhleb
  9676 | D:8      | Reached skill level 5 in Dodging
  9824 | D:8      | Reached XP level 10. HP: 81/81 MP: 17/22
 10009 | D:8      | Found Vuice's Assorted Antiques.
 10017 | D:8      | Bought a scroll of blinking for 172 gold pieces
 10017 | D:8      | Bought a scroll labeled PAUWNO BECKESH for 23 gold pieces
 10357 | D:8      | Bought a scroll of identify for 46 gold pieces
 10364 | D:8      | Identified a scroll of acquirement
 10367 | D:8      | Got the ring of Mili {*Corrode rN+ MP+9 Dex+6}
 10897 | D:9      | Found a staircase to the Orcish Mines.
 10939 | D:9      | Noticed a manticore
 10954 | D:9      | Killed a manticore
 10954 | D:9      | Reached ** piety under Makhleb
 11195 | D:9      | Found Kickyes's Antique Armour Shop.
 11427 | D:9      | Found Ritear's Book Emporium.
 11854 | D:9      | Found Hip Nida's Jewellery Shop.
 11885 | D:9      | Found Qumimoel's Jewellery Shoppe.
 12050 | D:10     | Entered Level 10 of the Dungeon
 12292 | D:10     | Learned a level 2 spell: Blink
 12550 | D:10     | Found Woreusit's General Store.
 12594 | D:10     | Bought a scroll of immolation for 42 gold pieces
 12594 | D:10     | Bought a scroll of fog for 24 gold pieces
 12622 | D:10     | Noticed Urug
 13311 | D:10     | Found a staircase to the Lair.
 13343 | Lair:1   | Entered Level 1 of the Lair of Beasts
 13343 | Lair:1   | Noticed an oklob plant
 13349 | Lair:1   | Reached XP level 11. HP: 77/91 MP: 24/24
 14042 | Lair:1   | Reached skill level 10 in Spellcasting
 14687 | Lair:2   | Reached skill level 1 in Evocations
 14715 | Lair:2   | Reached *** piety under Makhleb
 14715 | Lair:2   | Reached skill level 10 in Conjurations
 15285 | Lair:2   | Reached skill level 5 in Invocations
 15296 | Lair:2   | Noticed an eight-headed hydra
 15528 | Lair:2   | Killed an eight-headed hydra
 15528 | Lair:2   | Reached XP level 12. HP: 100/100 MP: 15/26
 16387 | Lair:2   | Reached skill level 5 in Translocations
 16734 | Lair:2   | Got a distressingly furry cloak
 17211 | Lair:2   | Found a staircase to the Swamp.
 17382 | Lair:3   | Identified the -6 cloak of the Heavens {Str+4 Int+4} (You
                  | found it on level 2 of the Lair of Beasts)
 17439 | Lair:3   | Reached **** piety under Makhleb
 17631 | Lair:3   | Found a staircase to the Snake Pit.
 18751 | Lair:3   | Found a basalt altar of Yredelemnul.
 18901 | Lair:4   | Noticed a death yak
 18902 | Lair:4   | Noticed a death yak
 18905 | Lair:4   | Noticed a catoblepas
 18906 | Lair:4   | Noticed a death yak
 18924 | Lair:3   | Killed a death yak
 19136 | Lair:4   | Noticed an eight-headed hydra
 19148 | Lair:4   | Killed an eight-headed hydra
 19157 | Lair:4   | Reached XP level 13. HP: 77/107 MP: 1/28
 19511 | Lair:4   | Noticed Rupert
 19598 | Lair:4   | You fall into a shaft and drop 1 floor!
 19728 | Lair:4   | Killed Rupert
 19916 | Lair:3   | Reached skill level 5 in Evocations
 20206 | Lair:4   | Reached ***** piety under Makhleb
 20463 | Lair:4   | Found a runed translucent door.
 20466 | Lair:4   | Noticed Ahetudd's ghost (journeyman MiFi)
 22355 | D:10     | Killed Urug
 22538 | D:8      | Bought a leatherbound book for 345 gold pieces
 22538 | D:8      | Bought a potion of curing for 69 gold pieces
 22538 | D:8      | Bought a steaming falchion for 184 gold pieces
 22538 | D:8      | Bought a potion of haste for 230 gold pieces
 22538 | D:8      | Identified the +2 falchion of Esticaz {vorpal, rElec rPois
                  | Dex-4 SInv} (You bought it in a shop on level 8 of the
                  | Dungeon)
 22597 | D:10     | Bought a wand of flame (18) for 120 gold pieces
 22657 | D:10     | Noticed Harold
 22676 | D:10     | Killed Harold
 22721 | D:10     | Learned a level 5 spell: Summon Forest
 22994 | Lair:6   | Entered Level 6 of the Lair of Beasts
 23180 | Lair:5   | Reached XP level 14. HP: 113/118 MP: 9/30
 23354 | Lair:5   | HP: 5/118 [cane toad (20)]
 23356 | Lair:5   | Slain by a cane toad

Illustrated notes

Levels and vault maps discovered:
D:1:      kb_arrival_jail, layout_basic
D:2:      layout_rooms, bloody_trog
D:3:      layout_basic, overflow_temple_1_default,
          chequers_temple_overflow_statue_of_worship,
          cheibrodos_sewer_entry_drain, minmay_rat_hole, uniq_ijyb
D:4:      layout_loops_cross, first_ration
D:5:      layout_basic, vehumet_statue, zin_treasury, enter_ossuary_5,
          serial_glass, glass_columns_a, glass_columns_a, minmay_shop_mayhem
D:6:      layout_cave_pools, lemuel_temple_firewalk_b, serial_shops,
          kennysheep_mini_moat, shop, kb_rosetta, uniq_eustachio, uniq_maggie
D:7:      layout_loops_ring, nicolae_ru_great_annihilating_truth
D:8:      layout_basic, serial_shops, nicolae_shop_statue_plus
D:9:      layout_long_grid, orc_david_3, serial_shops, shop, shop,
          kennysheep_mini, nicolae_shop_crystal, hangedman_pestilent_swarm
D:10:     layout_loops_ring, erik_lair_island, serial_shops, shop,
          minmay_lizard_king, uniq_urug, uniq_harold
D:11:     layout_loops_corners, enter_trove_2, serial_aquarium,
          aquarium_bridge_square [aquarium_subvault_balcony,
          aquarium_subvault_window, aquarium_subvault_wall,
          aquarium_subvault_bridge], aquarium_window_fake, aquarium_window_1,
          aquarium_window_corner, aquarium_window_2, aquarium_view_2b,
          aquarium_view_2c, kennysheep_island_fort
Temple:   dpeg_chambers_temple
Lair:1:   layout_chaotic_city, dpeg_stationary_puzzle
Lair:2:   layout_roguey, nicolae_swamp_entry_splash_gauntlet,
          bobbens_dragon_lair_wall
Lair:3:   layout_long_grid, minmay_snake_entry_guardpost_medium, basic_altar,
          minmay_lair_oklob_chamber, lemuel_fruit_tree
Lair:4:   layout_hall_layers, gammafunk_ghost_grave, uniq_rupert
Lair:5:   layout_gridlike, bobbens_ice_dragon_lair
Lair:6:   minmay_lair_end_frog_pond, layout_gridlike, slime_altar_1,
          st_stairs_12

Skill      XL: |  1  2  3  4  5  6  7  8  9 10 11 12 13 |
---------------+----------------------------------------+-----
Dodging        | 2 3 4 5 6 7 |  7.9
Fighting       | 1 2 3 4 5 6 7 8 9 |  9.1
Spellcasting   | 3 5 6 7 8 9 10 11 12 | 12.8
Conjurations   | 5 6 7 8 9 10 11 12 | 12.2
Hexes          | 1 3 5 6 7 8 9 |  9.5
Invocations    | 2 3 5 6 7 |  7.5
Translocations | 1 3 4 5 6 |  6.8
Evocations     | 2 4 5 |  5.9
Stealth        | |  1.7
Summonings     | |  0.6

Action                   |  1- 3 |  4- 6 |  7- 9 | 10-12 | 13-15 || total
-------------------------+-------+-------+-------+-------+-------++-------
Melee: Unarmed           |    11 |       |       |       |       ||    11
       Dagger            |    61 |   258 |   423 |   398 |   148 ||  1288
       Tailslap          |     3 |    27 |    61 |    63 |    27 ||   181
Throw: Dart              |       |     2 |     1 |       |     2 ||     5
 Cast: Magic Dart        |    67 |    11 |       |       |       ||    78
       Fulminant Prism   |       |       |    52 |   189 |    84 ||   325
       Iskenderun's Myst |       |       |     5 |    48 |    47 ||   100
       Blink             |       |       |       |       |     6 ||     6
       Summon Forest     |       |       |       |       |     3 ||     3
 Abil: Breathe Dispellin |       |       |     2 |       |       ||     2
Evoke: Wand              |       |       |     2 |       |    10 ||    12
       Box of beasts     |       |       |       |       |     4 ||     4
       Tin of tremorston |       |       |       |       |     1 ||     1
  Use: Scroll            |       |     8 |     3 |     9 |     9 ||    29
       Potion            |       |     5 |       |     1 |     2 ||     8
 Stab: Sleeping          |       |     5 |     2 |     1 |     1 ||     9
       Distracted        |       |       |     1 |     2 |       ||     3
       Invisible         |       |       |     1 |       |       ||     1
       Paralysed         |       |       |     1 |       |       ||     1
       Petrified         |       |       |       |       |     2 ||     2
       Petrifying        |       |       |       |       |     1 ||     1
  Eat: Chunk             |     2 |     7 |    20 |    35 |    12 ||    76
       Ration            |     1 |       |     4 |     1 |     1 ||     7
Armor: Skin              |    28 |    94 |   217 |   249 |    67 ||   655
Dodge: Dodged            |    46 |   141 |   396 |   535 |   183 ||  1301

Table legend:
 A = Non-vault XP
 B = Vault XP
 C = Vault XP percentage of total XP
 D = Non-vault monster count
 E = Vault monster count
 F = Vault count percentage of total count
                 A         B        C        D         E       F
            +---------+---------+-------+---------+---------+-------
      Total |   41362 |   23462 |  36.2 |     295 |     119 |  28.7
            +---------+---------+-------+---------+---------+-------
        D:1 |      36 |       0 |   0.0 |      15 |       0 |   0.0
        D:2 |      23 |       0 |   0.0 |       8 |       0 |   0.0
        D:3 |     414 |      64 |  13.4 |      23 |      23 |  50.0
        D:4 |     213 |       0 |   0.0 |      12 |       0 |   0.0
        D:5 |     717 |     240 |  25.1 |      17 |       2 |  10.5
        D:6 |     222 |    1602 |  87.8 |      13 |       5 |  27.8
        D:7 |     450 |      46 |   9.3 |      10 |       4 |  28.6
        D:8 |    1870 |       0 |   0.0 |      31 |       0 |   0.0
        D:9 |    2231 |     553 |  19.9 |      33 |      11 |  25.0
       D:10 |    1830 |    2933 |  61.6 |      19 |      15 |  44.1
     Lair:1 |    3447 |     915 |  21.0 |      20 |       2 |   9.1
     Lair:2 |    4466 |    6942 |  60.9 |      20 |      28 |  58.3
     Lair:3 |    7997 |    3568 |  30.9 |      19 |      12 |  38.7
     Lair:4 |    7199 |    2847 |  28.3 |      24 |       1 |   4.0
     Lair:5 |   10247 |    3662 |  26.3 |      31 |      15 |  32.6
     Lair:6 |       0 |      90 | 100.0 |       0 |       1 | 100.0
            +---------+---------+-------+---------+---------+-------
